 Dungeon Crawl Stone Soup version 0.25-a0-35-g747a2b3c0c (webtiles) character file.

Game seed: 2731697793262373715, levelgen mode: deterministic

135685 Chiseanne the Fighter (level 16, 0/130 HPs)
             Began as a Demonspawn Wizard on Oct 18, 2019.
             Was an Initiate of Gozag.
             Killed from afar by a lich (18 damage)
             ... with a bolt of acid
             ... on level 1 of the Depths.
             The game lasted 02:57:24 (47149 turns).

Chiseanne the Fighter (Demonspawn Wizard)          Turns: 47149, Time: 02:57:25

Health: 0/130      AC: 21    Str: 15      XL:     16   Next: 65%
Magic:  34/40      EV: 10    Int: 21 (22) God:    Gozag
Gold:   1294       SH:  0    Dex: 20 (21) Spells: 16/37 levels left

rFire    + . .     SeeInvis +   s - +3 mace (protect)
rCold    + . .     Gourm    .   y - +3 buckler {AC+3}
rNeg     . . .     Faith    .   C - +5 ring mail of Context {rF+ rC+ Str-5}
rPois    .         Spirit   .   (helmet unavailable)
rElec    +         Reflect  +   z - +2 cloak
rCorr    .         Harm     .   m - +2 pair of gloves {Str+3}
MR       +....                  (boots unavailable)
Stlth    +.........             Y - amulet "Syfoedegh" {Reflect rElec MP+9 SH+4}
HPRegen  0.31/turn              k - +2 ring of protection
MPRegen  0.27/turn              r - ring of Jonigg {Wiz *Contam Str+7 Dex+7}

@: petrifying, very slightly contaminated, hasted, lightly drained
A: antennae 3, claws 2, hooves 3, agile 1, deformed body, dopey 1, foul stench
1, spiny 2, evolution 1, augmentation 1, rot immunity
a: Potion Petition, Call Merchant, Bribe Branch, Renounce Religion


You were on level 1 of the Depths.
You worshipped Gozag.
Gozag was most pleased with you.
You were full.

You visited 6 branches of the dungeon, and saw 27 of its levels.
You visited the Abyss 2 times.

You collected 13054 gold pieces.
You spent 6931 gold pieces at shops.
You paid 4829 gold pieces to Gozag.

Inventory:

Hand Weapons
 a - a +2 dagger of venom
 d - a +6 scimitar of flaming
 s - a +3 mace of protection (weapon)
Missiles
 j - 12 silver boomerangs (quivered)
 l - 7 curare-tipped darts
 p - 757 arrows
 v - 5 throwing nets {!*}
 G - 13 silver javelins
Armour
 m - a +2 pair of gloves of strength (worn)
 y - a +3 buckler of protection (worn)
 z - a +2 cloak (worn)
 C - the +5 ring mail of Context (worn) {rF+ rC+ Str-5}
   (You took it off an orc on level 6 of the Dungeon)

   It affects your strength (-5).
   It protects you from fire.
   It protects you from cold.
Jewellery
 g - an uncursed amulet of regeneration
 h - an uncursed ring of poison resistance {unknown}
 k - a +2 ring of protection (left hand)
 r - the ring of Jonigg (right hand) {Wiz *Contam Str+7 Dex+7}
   (You bought it in a shop on level 12 of the Dungeon)

   [ring of wizardry]

   It improves your spell success rate.
   It affects your strength (+7).
   It affects your dexterity (+7).
   It causes magical contamination when unequipped.
 t - an uncursed ring of resist corrosion
 Y - the amulet "Syfoedegh" (around neck) {Reflect rElec MP+9 SH+4}
   (You bought it in a shop on level 12 of the Dungeon)

   [amulet of reflection]

   It shields you and reflects attacks.
   It insulates you from electricity.
   It affects your magic capacity (+9).
   It affects your SH (+4).
Wands
 i - a wand of iceblast (2)
 n - a wand of disintegration (4)
 K - a wand of digging (5)
Scrolls
 c - 15 scrolls of remove curse
 o - a scroll of amnesia
 u - 4 scrolls of fog
 A - 5 scrolls of magic mapping
 F - 4 scrolls of identify
 Q - 2 scrolls of summoning
Potions
 b - 3 potions of resistance
 e - 3 potions of haste
 f - 3 potions of magic
 w - a potion of berserk rage
 x - 5 potions of might
 B - 4 potions of flight
 S - a potion of cancellation
 V - 2 potions of heal wounds
 X - 3 potions of curing
Miscellaneous
 E - a sack of spiders
 U - a fan of gales
Comestibles
 N - 11 rations


   Skills:
 + Level 13.1(12.7) Fighting
 - Level 5.0(4.7) Short Blades
 - Level 10.0(9.6) Armour
 * Level 11.1(10.8) Dodging
 - Level 1.7(1.5) Stealth
 - Level 11.6(11.3) Shields
 * Level 3.0(2.7) Unarmed Combat
 * Level 11.3(11.0) Spellcasting
 - Level 6.1(5.8) Conjurations
 - Level 5.0(4.7) Summonings
 - Level 5.0(4.7) Translocations
 - Level 5.0(4.7) Transmutations
 - Level 5.0(4.7) Fire Magic
 - Level 5.0(4.7) Air Magic


You had 16 spell levels left.
You knew the following spells:

 Your Spells              Type           Power        Failure   Level  Hunger
a - Magic Dart            Conj           ####         1%          1    None
b - Blink                 Tloc           N/A          1%          2    None
c - Conjure Flame         Conj/Fire      ####....     1%          3    None
d - Mephitic Cloud        Conj/Pois/Air  ####....     2%          3    None
e - Sticks to Snakes      Tmut           ####....     1%          2    None
f - Apportation           Tloc           ####..       1%          1    None
g - Summon Lightning Spi  Summ/Air       ####....     6%          4    #......
h - Blade Hands           Tmut           ####......   16%         5    ####...

Your spell library contained the following spells:

 Spells                   Type           Power        Failure   Level  Hunger
 Beastly Appendage        Tmut           ####..       1%          1    None
 Summon Butterflies       Summ           ####....     1%          1    None
 Summon Small Mammal      Summ           ####         1%          1    None
 Call Imp                 Summ           ####....     1%          2    None
 Lesser Beckoning         Tloc           ####......   1%          3    None
 Recall                   Summ/Tloc      N/A          1%          3    None
 Ignite Poison            Fire/Tmut/Pois ###.....     3%          3    None
 Animate Skeleton         Necr           N/A          4%          1    None
 Confusing Touch          Hex            ##....       4%          1    None
 Spider Form              Tmut/Pois      ###.......   4%          3    None
 Summon Guardian Golem    Hex/Summ       ###.....     4%          3    None
 Slow                     Hex            ##......     6%          2    None
 Sublimation of Blood     Necr           ##........   6%          2    None
 Tukima's Dance           Hex            ##......     12%         3    None
 Irradiate                Conj/Tmut      ####......   13%         5    ####...
 Ice Form                 Ice/Tmut       ###.....     16%         4    #......
 Petrify                  Tmut/Erth      ###.....     16%         4    #......
 Bolt of Magma            Conj/Fire/Erth ####......   26%         5    ####...
 Iskenderun's Battlesphe  Conj/Chrm      ###.....     32%         5    ####...
 Venom Bolt               Conj/Pois      ###.......   32%         5    ####...
 Cause Fear               Hex            ##........   36%         4    #......
 Alistair's Intoxication  Tmut/Pois      ###.....     38%         5    ####...
 Silence                  Hex/Air        ###.......   38%         5    ####...
 Yara's Violent Unravell  Hex/Tmut       ###.......   38%         5    ####...
 Shadow Creatures         Summ           N/A          63%         6    ######.
 Iron Shot                Conj/Erth      ###.......   86%         6    ######.
 Deflect Missiles         Chrm/Air       ###.......   90%         6    ######.
 Orb of Destruction       Conj           #####.....   95%         7    #######
 Spellforged Servitor     Conj/Summ      ####......   98%         7    #######
 Invisibility             Hex            ##......     99%         6    ######.
 Dragon Form              Tmut           ####......   99%         7    #######
 Discord                  Hex            ##........   100%        8    #######


Dungeon Overview and Level Annotations

Branches:
Dungeon (15/15)            Temple (1/1) D:7            Lair (6/6) D:9
  Swamp (0/4) Lair:2        Snake (0/4) Lair:4        Slime (0/5) Lair:6
    Orc (2/2) D:9             Elf (2/3) Orc:2        Vaults (0/5) D:13
 Depths (1/5) D:15

Altars:
Ashenzari
Cheibriados
Dithmenos
Elyvilon
Fedhas
Gozag
Hepliaklqana
Kikubaaqudgha
Makhleb
Nemelex Xobeh
Qazlal
Ru
Sif Muna
Trog
Vehumet
Wu Jian
Yredelemnul
Zin
The Shining One
Beogh

Shops:
D:7 ?[   D:9 =   D:10 %   D:12 =   D:15 [*   Orc:2 :(:   Elf:2 (

Annotations:
D:4 Grinder
D:13 exclusion: door
D:15 Ryzelo's ghost, adept GrFi
Lair:3 3 runed translucent doors, exclusion: 4 oklob plants, endorz's ghost, journeyman TrFi
Elf:2 3 runed translucent doors, exclusion: obsidian statue, Ysesaw Lavy's ghost, adept SpEn


Innate Abilities, Weirdness & Mutations

You have a pair of large antennae on your head. (SInv)
You have very sharp fingernails.
You have hooves in place of feet.
You may emit foul miasma when damaged in melee.
You are mostly covered in sharp spines.
Your magical and physical power is slightly enhanced at high health.
You are immune to rotting.
You are agile. (Dex +2)
Armour fits poorly on your strangely shaped body.
You are dopey. (Int -2)
You evolve.


Message History

You hear a shout!
As you read the scroll of fear, it crumbles to dust.
You assume a fearsome visage.
The deep troll looks frightened!
The deep troll shaman looks frightened!
The lich is unaffected.
A deep troll shaman comes into view.
You feel yourself speed up.
Cornered, the deep troll turns to fight!
The lich casts a spell.
The lich seems to speed up.
As you read the scroll of fear, it crumbles to dust.
You assume a fearsome visage.
The deep troll shaman looks frightened!
The deep troll looks frightened!
The lich is unaffected.
The deep troll shaman shouts!
The deep troll shouts!
The lich gestures at you while chanting.
You are slowing down.
You see here a bolt.
The lich casts a spell at you. The bolt of acid hits you!!
You die...
Your body crumbles into a pile of gold.

######...#....#.^.#.##..##.......
#.{.##..............#.###........
#.#.#...............##..##.......
#.#.#....)...........###.#......≈
#.#.#....#.L........##..##......≈
..#.#....#.>...#....#.###.......≈
###T#...##.....#....##..#.......≈
..#.#...##...#.##.............).≈
#.#T#.#####..#.(@(........(......
#.#.........##.)(.))......(.....≈
#.#.#.#####.T...(.[)(.......≈≈≈.≈
#...#.# #..T#####))....^..≈≈≈≈.≈
#####.# ##...####.##)(....≈≈...≈
......# ###...####.......≈≈.≈≈≈
####### #{.{..#####..(...≈≈....
##.....#.##.............
#.....(...##............


You could see a lich, a deep troll and a deep troll shaman.

Vanquished Creatures
  Rupert (D:12)
  Frances (D:13)
  Kirke (D:12)
  A deep elf sorcerer (Elf:2)
  Louise (D:15)
  A deep elf elementalist (Elf:1)
  A stone giant (Depths:1)
  2 dire elephants (Lair:6)
  3 ettins (Depths:1)
  A fire dragon (D:15)
  2 yaktaur captains
  The ghost of Comof the Cleaver, a journeyman HOSk of Uskayaw (D:10)
  A rakshasa (Depths:1)
  A naga warrior (Abyss:2)
  4 vault guards (D:13)
  10 hydras
  Erica (D:9)
  4 centaur warriors
  6 two-headed ogres
  An anaconda (Lair:6)
  4 ogre magi (Orc:2)
  2 catoblepae
  A two-headed ogre (shapeshifter) (D:15)
  A deep troll shaman (Depths:1)
  8 death yaks
  A hell hog (Elf:2)
  Urug (Lair:6)
  A vampire mage (Depths:1)
  A thrashing horror (Abyss:3)
  4 deep elf knights (Elf:1)
  Nergalle (Orc:2)
  4 large abominations
  2 unseen horrors
  An obsidian statue (D:15)
  3 deep elf archers (Elf:1)
  10 deep elf magi
  2 cyclopes
  14 elephants
  3 manticores
  8 orc sorcerers
  11 ugly things
  A guardian serpent (Abyss:2)
  A salamander (Abyss:2)
  3 black mambas
  2 smoke demons
  A centaur zombie (D:12)
  2 gargoyles
  Maurice (D:8)
  2 rime drakes
  15 spiny frogs
  A freezing wraith (D:15)
  2 efreet
  2 yaktaurs (D:15)
  6 komodo dragons
  A red devil (Abyss:3)
  2 ancient zymes
  9 trolls
  A polar bear (Lair:6)
  3 hornets
  A hornet (shapeshifter) (Abyss:2)
  A jumping spider (shapeshifter) (D:15)
  11 slime creatures
  24 blink frogs
  15 dream sheep
  A slime creature (shapeshifter) (Depths:1)
  A centaur simulacrum (D:15)
  7 hippogriffs
  2 meliai zombies
  3 ynoxinuls
  An air elemental (Abyss:2)
  4 wyverns
  6 flying skulls (Abyss:3)
  2 shadows
  A vampire (Abyss:3)
  29 yaks
  A steam dragon (D:12)
  6 basilisks
  4 neqoxecs
  A hungry ghost (D:7)
  Grum (D:9)
  6 hogs
  A chaos spawn (Abyss:2)
  8 vampire mosquitoes
  7 wargs
  5 insubstantial wisps
  8 nagas
  Duvessa (D:5)
  2 soldier ants
  11 water moccasins
  12 porcupines
  4 eyes of draining
  16 orc warriors
  6 sky beasts
  A black bear (D:13)
  4 boggarts (D:14)
  2 necrophages
  2 phantoms
  4 ice beasts
  14 ogres
  A small abomination (Abyss:3)
  19 centaurs
  38 wolves
  23 crocodiles
  A bullfrog (shapeshifter) (D:13)
  18 bullfrogs
  A wyvern zombie (D:12)
  5 big kobolds
  2 gnoll sergeants
  An earth elemental (Elf:1)
  3 scorpions
  Dowan (D:5)
  A wight (D:8)
  7 killer bees
  3 electric eels
  6 crimson imps
  A bullfrog zombie (D:9)
  5 hounds
  8 centaur skeletons
  11 orc priests
  3 jellies
  31 orc wizards
  2 bullfrog skeletons
  2 iguanas
  7 worker ants
  A hound skeleton (D:8)
  A howler monkey zombie (D:9)
  A worker ant zombie (D:7)
  18 gnolls
  15 adders
  5 shadow imps
  2 white imps (Abyss:2)
  An ooze (D:2)
  3 worms
  2 dart slugs
  10 leopard geckos
  83 orcs
  3 ball pythons
  8 bats
  5 giant cockroaches
  10 goblins
  8 hobgoblins
  14 jackals
  4 quokkas
  4 frilled lizards
  A jackal skeleton (D:9)
  17 kobolds
  10 rats
  A fungus (Lair:3)
  5 plants
850 creatures vanquished.

Vanquished Creatures (collateral kills)
  A merfolk javelineer (Depths:1)
  3 fire dragons
  An ice dragon (Depths:1)
  2 deep elf archers (Elf:1)
  3 deep elf magi (Elf:1)
  A cyclops (D:15)
  A yaktaur (Depths:1)
  A komodo dragon (Lair:6)
  A tengu conjurer (D:15)
  4 dream sheep (Lair:6)
  An acid dragon (D:15)
  An orc warrior (D:12)
  A bullfrog (D:8)
  A wight (D:8)
22 creatures vanquished.

Vanquished Creatures (others)
  3 dancing weapons
  2 cyclopes
  An ogre (Orc:2)
  A boggart (D:14)
  A wight (D:8)
  A worker ant (D:10)
  A bush (Lair:4)
  15 fungi
  33 plants
  9 starspawn tentacles (Abyss:3)
67 creatures vanquished.

Grand Total: 939 creatures vanquished

Notes
Turn   | Place    | Note
-------+----------+-------------------------------------------
     0 | D:1      | Chiseanne the Demonspawn Wizard began the quest for the
                  | Orb.
     0 | D:1      | Reached XP level 1. HP: 13/13 MP: 4/4
   413 | D:1      | Gained mutation: You are partially covered in sharp spines.
                  | [demonic ancestry]
   413 | D:1      | Reached XP level 2. HP: 19/19 MP: 0/6
  1105 | D:2      | Reached XP level 3. HP: 20/24 MP: 1/8
  1362 | D:2      | Reached skill level 1 in Armour
  1362 | D:2      | Reached XP level 4. HP: 21/30 MP: 2/9
  2261 | D:3      | Learned a level 2 spell: Blink
  2265 | D:3      | Learned a level 3 spell: Conjure Flame
  2269 | D:3      | Learned a level 3 spell: Mephitic Cloud
  2363 | D:3      | Gained mutation: You are immune to rotting. [demonic
                  | ancestry]
  2363 | D:3      | Reached XP level 5. HP: 35/35 MP: 5/11
  2792 | D:3      | Found a snail-covered altar of Cheibriados.
  3456 | D:4      | Noticed Grinder
  3545 | D:4      | Gained mutation: You have large cloven feet. [demonic
                  | ancestry]
  3545 | D:4      | Reached XP level 6. HP: 40/41 MP: 6/12
  4107 | D:5      | Entered Level 5 of the Dungeon
  4351 | D:5      | Reached skill level 5 in Spellcasting
  4351 | D:5      | Noticed Dowan
  4380 | D:5      | Noticed Duvessa
  4390 | D:5      | Killed Dowan
  4399 | D:5      | Killed Duvessa
  4399 | D:5      | Gained mutation: You are mostly covered in sharp spines.
                  | [demonic ancestry]
  4399 | D:5      | Reached XP level 7. HP: 22/46 MP: 3/14
  4961 | D:5      | Reached skill level 5 in Conjurations
  4965 | D:5      | Reached skill level 1 in Air Magic
  5596 | D:6      | Identified the +5 ring mail of Context {rF+ rC+ Str-5}
  6044 | D:6      | Gained mutation: You have hoof-like feet. [demonic
                  | ancestry]
  6044 | D:6      | Reached XP level 8. HP: 47/52 MP: 6/16
  6162 | D:6      | Reached skill level 1 in Shields
  6401 | D:6      | Found a white marble altar of Elyvilon.
  6946 | D:6      | Reached skill level 5 in Shields
  7151 | D:7      | Found a staircase to the Ecumenical Temple.
  7236 | Temple   | Entered the Ecumenical Temple
  7242 | Temple   | Became a worshipper of Vehumet
  7607 | D:8      | Gained mutation: You have a pair of small antennae on your
                  | head. [demonic ancestry]
  7607 | D:8      | Reached XP level 9. HP: 57/57 MP: 13/18
  7766 | D:8      | Reached skill level 1 in Fighting
  7811 | D:8      | Reached skill level 1 in Short Blades
  8032 | D:8      | Found a glowing silver altar of Zin.
  8138 | D:8      | Noticed Maurice
  8140 | D:8      | Identified a scroll of acquirement
  8158 | D:8      | Killed Maurice
  8158 | D:8      | Reached skill level 2 in Fighting
  8221 | D:8      | Found a shadowy altar of Dithmenos.
  8494 | D:9      | Found a staircase to the Orcish Mines.
  8705 | D:9      | Reached skill level 3 in Fighting
  8835 | D:9      | Noticed Erica
  8862 | D:9      | Killed Erica
  8862 | D:9      | Gained mutation: You have a pair of antennae on your head.
                  | [demonic ancestry]
  8862 | D:9      | Reached XP level 10. HP: 69/70 MP: 2/19
  8999 | D:9      | Reached * piety under Vehumet
  8999 | D:9      | Offered knowledge of Sting by Vehumet.
  9641 | Temple   | Fell from the grace of Vehumet
  9641 | Temple   | Became a worshipper of Gozag Ym Sagoz the Greedy
  9680 | D:7      | Bought a pair of glowing gloves for 292 gold pieces
  9687 | D:7      | Bought a scroll of teleportation for 39 gold pieces
  9687 | D:7      | Bought a scroll of blinking for 97 gold pieces
  9687 | D:7      | Bought a scroll of teleportation for 39 gold pieces
  9687 | D:7      | Bought a scroll of identify for 26 gold pieces
  9687 | D:7      | Bought 3 scrolls of identify for 78 gold pieces
  9687 | D:7      | Bought a scroll of remove curse for 39 gold pieces
  9687 | D:7      | Bought a scroll of fog for 26 gold pieces
  9687 | D:7      | Bought a scroll of fear for 45 gold pieces
  9687 | D:7      | Bought a scroll of teleportation for 39 gold pieces
  9687 | D:7      | Bought a scroll of summoning for 123 gold pieces
  9761 | D:9      | Noticed Grum
  9783 | D:9      | Killed Grum
  9783 | D:9      | Reached skill level 4 in Fighting
  9798 | D:9      | Reached skill level 5 in Armour
 10162 | D:9      | Found a staircase to the Lair.
 10279 | D:9      | Found a sparkling altar of Nemelex Xobeh.
 10503 | D:9      | Noticed a centaur warrior
 10517 | D:9      | HP: 2/73 [something (28)]
 10877 | D:9      | Killed a centaur warrior
 10893 | D:9      | Reached skill level 5 in Fighting
 10893 | D:9      | Reached skill level 5 in Dodging
 11226 | D:10     | Entered Level 10 of the Dungeon
 11425 | D:10     | Found a runed translucent gate.
 11425 | D:10     | Found a runed translucent gate.
 11425 | D:10     | Found a runed translucent gate.
 11425 | D:10     | Noticed Comof's ghost (journeyman HOSk)
 11425 | D:10     | Noticed a yaktaur captain
 11466 | D:9      | Reached skill level 5 in Short Blades
 12693 | D:9      | Gained mutation: You may emit foul miasma when damaged in
                  | melee. [demonic ancestry]
 12693 | D:9      | Reached XP level 11. HP: 53/81 MP: 3/20
 12704 | D:9      | Reached skill level 6 in Fighting
 13595 | D:10     | Noticed a two-headed ogre
 13606 | D:10     | Noticed a two-headed ogre
 14214 | D:10     | Found Icoph's Food Shoppe.
 14587 | D:11     | Killed an unseen horror
 14796 | D:12     | Noticed a deep elf mage
 14804 | D:12     | Killed a deep elf mage
 14922 | D:12     | Reached skill level 7 in Fighting
 14925 | D:12     | Noticed a seven-headed hydra
 14933 | D:12     | Noticed a white ugly thing
 14961 | D:12     | Killed a red ugly thing
 15262 | D:12     | Was forgiven by Vehumet
 15654 | D:12     | Killed a seven-headed hydra
 15891 | D:12     | Noticed a two-headed ogre
 15905 | D:12     | Noticed Rupert
 15946 | D:12     | Killed Rupert
 15946 | D:12     | Reached skill level 8 in Fighting
 15948 | D:12     | Killed a two-headed ogre
 16510 | D:12     | Noticed a two-headed ogre
 16601 | D:12     | Killed a two-headed ogre
 16601 | D:12     | Reached skill level 1 in Translocations
 16601 | D:12     | Gained mutation: You have sharp fingernails. [demonic
                  | ancestry]
 16601 | D:12     | Reached XP level 12. HP: 74/94 MP: 20/24
 16845 | D:12     | Got a brightly glowing ring mail
 16856 | D:12     | Identified the cursed +0 ring mail of Beogh's Supremacy
                  | {-Tele rPois Int+3 SInv} (You found it on level 12 of the
                  | Dungeon)
 16874 | D:12     | Identified the Handbook of Quantum Transmutation
 17086 | D:12     | Bought a cursed ring of attention for 63 gold pieces
 17131 | D:13     | Noticed Frances
 17147 | D:13     | Killed Frances
 17147 | D:13     | Reached skill level 9 in Fighting
 17530 | D:13     | Noticed a vault guard
 17544 | D:13     | Killed a vault guard
 17551 | D:13     | Noticed Kirke
 18004 | D:13     | Noticed a vault guard
 18236 | Orc:1    | Entered Level 1 of the Orcish Mines
 18240 | Orc:1    | Noticed Sonja
 18705 | Orc:1    | Noticed Sonja
 18705 | Orc:1    | Sonja changed into Sonja the big kobold
 19565 | Orc:1    | Killed Sonja the big kobold
 19635 | Orc:1    | Found Gehenoit's Distillery.
 19644 | Orc:1    | Bought a potion of mutation for 112 gold pieces
 19644 | Orc:1    | Bought 2 potions of heal wounds for 140 gold pieces
 19644 | Orc:1    | Bought 2 potions of magic for 224 gold pieces
 19644 | Orc:1    | Bought a potion of curing for 42 gold pieces
 19673 | Orc:1    | Reached skill level 5 in Air Magic
 20024 | Orc:2    | Entered Level 2 of the Orcish Mines
 20032 | Orc:2    | Paralysed by an orc sorcerer for 6 turns
 20050 | Orc:2    | Reached skill level 1 in Fire Magic
 20115 | Orc:2    | Found a roughly hewn altar of Beogh.
 20536 | Orc:2    | Found a staircase to the Elven Halls.
 20808 | D:12     | Bought the amulet "Syfoedegh" {Reflect rElec MP+9 SH+4} for
                  | 838 gold pieces
 20942 | D:10     | Killed a two-headed ogre
 21210 | Orc:2    | Noticed an ogre mage
 21232 | Orc:2    | Killed an ogre mage
 21278 | Orc:2    | Reached skill level 10 in Fighting
 21365 | Orc:2    | Found an ancient bone altar of Kikubaaqudgha.
 21365 | Orc:2    | Noticed Nergalle
 21382 | Orc:2    | Killed Nergalle
 21382 | Orc:2    | Gained mutation: You have very sharp fingernails. [demonic
                  | ancestry]
 21382 | Orc:2    | Reached XP level 13. HP: 103/103 MP: 25/25
 21414 | Orc:2    | Found Asaxotaqag's Book Shop.
 21455 | Orc:2    | Paralysed by an orc sorcerer for 2 turns
 21458 | Orc:2    | Reached skill level 5 in Translocations
 21591 | Orc:2    | Found a radiant altar of Vehumet.
 21667 | Orc:2    | Found a roughly hewn altar of Beogh.
 21667 | Orc:2    | Found Hexo's Antique Weapon Boutique.
 21667 | Orc:2    | Found Pigiss's Magic Scroll Shop.
 21781 | Orc:2    | Found Kyhoyr's Book Boutique.
 21802 | Orc:2    | Bought a scroll of vulnerability for 105 gold pieces
 21802 | Orc:2    | Bought a scroll of enchant weapon for 105 gold pieces
 21910 | Orc:1    | Chiseanne: xD
 22126 | Lair:1   | Entered Level 1 of the Lair of Beasts
 23210 | D:12     | Bought the ring of Jonigg {Wiz *Contam Str+7 Dex+7} for 851
                  | gold pieces
 23724 | Lair:1   | Reached skill level 5 in Fire Magic
 24212 | Lair:1   | Reached skill level 10 in Armour
 24263 | Lair:2   | Reached skill level 11 in Fighting
 24422 | Lair:2   | Learned a level 2 spell: Sticks to Snakes
 24716 | Lair:2   | Found a staircase to the Swamp.
 24800 | Lair:1   | Got a fine robe
 24811 | Lair:1   | Identified the +1 robe of the Ageless Gods {rF+ MP+9} (You
                  | found it on level 1 of the Lair of Beasts)
 24858 | Lair:2   | Reached skill level 1 in Transmutations
 25841 | Lair:2   | Reached XP level 14. HP: 81/113 MP: 26/26
 26344 | Lair:3   | Found a runed translucent gate.
 26345 | Lair:3   | Found a runed translucent gate.
 26346 | Lair:3   | Found a runed translucent gate.
 26350 | Lair:3   | Noticed endorz's ghost (journeyman TrFi)
 27292 | Lair:3   | Learned a level 1 spell: Apportation
 27294 | Lair:3   | Identified the Catalogue of the Escort
 28897 | Lair:4   | Found a staircase to the Snake Pit.
 29451 | Lair:4   | Reached skill level 12 in Fighting
 30277 | Lair:3   | Learned a level 4 spell: Summon Lightning Spire
 31090 | Lair:5   | Reached skill level 5 in Transmutations
 31843 | Lair:5   | Learned a level 5 spell: Blade Hands
 31994 | Lair:6   | Entered Level 6 of the Lair of Beasts
 32347 | Lair:6   | Noticed Urug
 32366 | Lair:6   | Killed Urug
 32482 | Lair:6   | Reached skill level 10 in Shields
 32661 | Lair:6   | Found a staircase to the Slime Pits.
 32688 | Lair:6   | Gained mutation: You have hooves in place of feet. [demonic
                  | ancestry]
 32688 | Lair:6   | Reached XP level 15. HP: 122/122 MP: 27/27
 33541 | Lair:6   | Identified the +6 trident of Irrepressible Laughter {vamp,
                  | rF++} (You found it on level 6 of the Lair of Beasts)
 33576 | Lair:6   | Found the +3 robe of Clouds {+Thunder rCloud rElec}
 33814 | Lair:6   | Identified the +1 pair of boots of Gravitas {Dex+3 Slay+3}
                  | (You found it on level 6 of the Lair of Beasts)
 34141 | Orc:2    | Bought 2 scrolls of acquirement for 1456 gold pieces
 34146 | Orc:2    | Bought a scroll of identify for 28 gold pieces
 34146 | Orc:2    | Bought a scroll of fear for 49 gold pieces
 34146 | Orc:2    | Bought a scroll of immolation for 49 gold pieces
 34146 | Orc:2    | Bought a scroll of remove curse for 42 gold pieces
 34146 | Orc:2    | Bought a scroll of identify for 28 gold pieces
 34146 | Orc:2    | Bought a scroll of remove curse for 42 gold pieces
 34146 | Orc:2    | Bought a scroll of teleportation for 42 gold pieces
 34146 | Orc:2    | Bought a scroll of identify for 28 gold pieces
 34146 | Orc:2    | Bought a scroll of fog for 28 gold pieces
 34146 | Orc:2    | Bought a scroll of enchant armour for 105 gold pieces
 34240 | Orc:1    | Bought a potion of cancellation for 112 gold pieces
 34240 | Orc:1    | Bought a potion of mutation for 112 gold pieces
 34336 | D:10     | Killed Comof's ghost
 34543 | D:12     | Reached skill level 5 in Summonings
 34573 | D:12     | Killed Kirke
 34866 | D:13     | Found a gate to the Vaults.
 37155 | D:15     | Entered Level 15 of the Dungeon
 37283 | D:15     | Found a runed translucent gate.
 37283 | D:15     | Found an opulent altar of Gozag.
 37286 | D:15     | Found a runed translucent gate.
 37286 | D:15     | Found a runed translucent gate.
 37286 | D:15     | Found Uchit's Assorted Antiques.
 37286 | D:15     | Noticed Ryzelo's ghost (adept GrFi)
 37459 | D:15     | Paralysed by a hornet for 2 turns
 37774 | D:15     | Noticed Louise
 37806 | D:15     | Killed Louise
 37965 | D:15     | Paralysed by a hornet for 3 turns
 38380 | D:15     | Reached skill level 10 in Spellcasting
 38736 | D:15     | Found a staircase to the Depths.
 38840 | D:15     | Bought a twisted ring mail for 297 gold pieces
 38840 | D:15     | Bought a twisted buckler for 313 gold pieces
 38840 | D:15     | Bought a pair of embroidered gloves for 247 gold pieces
 38842 | D:15     | Identified the +4 ring mail of Echutas {Str+3 Int+8} (You
                  | bought it in a shop on level 15 of the Dungeon)
 38850 | D:15     | Identified the cursed +0 buckler of Valour {+Fly} (You
                  | bought it in a shop on level 15 of the Dungeon)
 39910 | D:15     | Reached skill level 10 in Dodging
 40167 | D:15     | Bought a scroll of fog for 64 gold pieces
 40167 | D:15     | Bought a runed jade ring for 160 gold pieces
 40628 | Elf:1    | Entered Level 1 of the Elven Halls
 40659 | Elf:1    | Gained mutation: Your magical and physical power is
                  | slightly enhanced at high health. [demonic ancestry]
 40659 | Elf:1    | Reached XP level 16. HP: 129/129 MP: 30/30
 41614 | Orc:1    | Bought 2 potions of brilliance for 112 gold pieces
 41614 | Orc:1    | Bought a potion of flight for 42 gold pieces
 41614 | Orc:1    | Bought 3 potions of brilliance for 168 gold pieces
 41614 | Orc:1    | Bought a potion of brilliance for 56 gold pieces
 41614 | Orc:1    | Bought a potion of degeneration for 14 gold pieces
 41614 | Orc:1    | Bought a potion of degeneration for 14 gold pieces
 42350 | Elf:2    | Cast into level 2 of the Abyss (a deep elf sorcerer)
 42485 | Abyss:2  | Noticed a bone dragon
 42519 | Abyss:2  | Gained mutation: You are weak. (Str -2) [a neqoxec]
 43032 | Abyss:2  | Gained mutation: Your spells are a little easier to cast,
                  | but a little less powerful. [a neqoxec]
 43033 | Abyss:2  | Gained mutation: You do not regenerate when monsters are
                  | visible. [a neqoxec]
 43058 | Abyss:2  | Noticed a bone dragon
 43061 | Abyss:2  | Noticed a tentacled monstrosity
 43126 | Elf:2    | Escaped the Abyss
 43229 | Elf:2    | Found a runed translucent gate.
 43229 | Elf:2    | Found a runed translucent gate.
 43229 | Elf:2    | Found an opulent altar of Gozag.
 43230 | Elf:2    | Found a runed translucent gate.
 43230 | Elf:2    | Noticed Ysesaw Lavy's ghost (adept SpEn)
 43298 | Elf:2    | Found Jetyec's Weapon Shoppe.
 43742 | Orc:2    | HP: 1/129 [+6 glaive of protection (20)]
 44369 | D:15     | Lost mutation: You are weak. (Str -2) [potion of mutation]
 44369 | D:15     | Lost mutation: Your spells are a little easier to cast, but
                  | a little less powerful. [potion of mutation]
 44369 | D:15     | Gained mutation: You are resistant to hostile enchantments.
                  | (MR+) [potion of mutation]
 44370 | D:15     | Lost mutation: You do not regenerate when monsters are
                  | visible. [potion of mutation]
 44370 | D:15     | Lost mutation: You are resistant to hostile enchantments.
                  | (MR+) [potion of mutation]
 44370 | D:15     | Gained mutation: Your body sometimes deteriorates upon
                  | taking damage. [potion of mutation]
 44370 | D:15     | Gained mutation: Your natural rate of healing is unusually
                  | fast. [potion of mutation]
 44370 | D:15     | Gained mutation: You are robust. (+10% HP) [potion of
                  | mutation]
 44371 | D:15     | Lost mutation: You are robust. (+10% HP) [potion of
                  | mutation]
 44371 | D:15     | Lost mutation: Your body sometimes deteriorates upon taking
                  | damage. [potion of mutation]
 44371 | D:15     | Lost mutation: Your natural rate of healing is unusually
                  | fast. [potion of mutation]
 44371 | D:15     | Gained mutation: You evolve. [potion of mutation]
 44371 | D:15     | Gained mutation: You are dopey. (Int -2) [potion of
                  | mutation]
 44371 | D:15     | Gained mutation: You are agile. (Dex +2) [potion of
                  | mutation]
 44618 | Elf:1    | Cast into level 3 of the Abyss (+2 trident of distortion)
 44639 | Abyss:3  | Found a snail-covered altar of Cheibriados.
 44696 | Abyss:3  | Noticed a lich
 44763 | Abyss:3  | Gained mutation: Armour fits poorly on your strangely
                  | shaped body. [a neqoxec]
 44782 | Abyss:3  | Noticed a tentacled starspawn
 44927 | Abyss:3  | Reached skill level 1 in Unarmed Combat
 45091 | Abyss:3  | Noticed a tentacled starspawn
 45139 | Elf:1    | Escaped the Abyss
 45585 | Depths:1 | Entered Level 1 of the Depths
 45593 | Depths:1 | Gained mutation: You have a pair of large antennae on your
                  | head. (SInv) [evolution]
 45596 | Depths:1 | Reached skill level 13 in Fighting
 46919 | Depths:1 | Noticed a lich
 47098 | Depths:1 | HP: 3/130 [stone giant/large rock (19)]
 47149 | Depths:1 | Killed from afar by a lich

Levels and vault maps discovered:
D:1:      lightli_molten_gateway, layout_rooms, minmay_octomino_j4
D:2:      layout_rooms
D:3:      layout_basic, kennysheep_slug_shrine
D:4:      layout_loops_ring, minmay_lizard_king, uniq_grinder
D:5:      layout_cave_pods, first_ration, uniq_duvessa
D:6:      layout_rooms, nicolae_overflow_crystal_walls, portal_sewer_entry_d,
          grunt_ministairs_3
D:7:      layout_rooms, minmay_temple_entry_wispy
D:8:      layout_cave_pools, kennysheep_mini, kennysheep_little_box,
          grunt_ogre_cave, chequers_serial_rivers_micro_b, uniq_maurice
D:9:      minmay_clustersquares, layout_loops_ring, erik_lair_orcish_takeover,
          david_orc_2, nemelex_lonely_heart_becter, uniq_erica, uniq_grum
D:10:     layout_small_grid, gammafunk_ghost_split, serial_shops, shop
D:11:     layout_roguey
D:12:     layout_stronghold, uniq_rupert
D:13:     layout_loops_corners, lightli_vaults_fourway_checkpoint,
          minmay_crystal_water, uniq_frances, uniq_kirke
D:14:     layout_basic, serial_glass, glass_columns_c, glass_columns_a,
          minmay_strange_pillars, item_on_display_a, item_on_display_a,
          dk_noncrumbling_3, minmay_misc_feat_enclosed
D:15:     grunt_enter_depths_hoard, layout_loops_ring, serial_bayou_shore_a,
          ebering_ghost_gozag, minmay_shattered_shrine, uniq_louise
Temple:   eino_narrow_crystal_temple
Lair:1:   layout_loops_ring, serial_rivers, chequers_serial_rivers_room_a,
          chequers_serial_rivers_large_a, chequers_serial_rivers_micro_e,
          chequers_serial_rivers_micro_a, minmay_holes, beast_lair_carwin_7,
          lemuel_fruit_tree, infiniplex_staircase_pool_2
Lair:2:   layout_hall_layers, minmay_swamp_entry_wisps,
          grunt_forest_large_clearings, infiniplex_staircase_pool
Lair:3:   layout_chaotic_city, gammafunk_ghost_necromancy,
          grunt_forest_stairs_basic, fungi_pond_lemuel,
          minmay_lair_oklob_chamber, grunt_megastairs_5
Lair:4:   layout_regular_city, minmay_snake_entry_guardpost_medium,
          serial_bayou_shore_b, grunt_megastairs_2
Lair:5:   layout_loops_ring, portal_ice_cave_entry_pillars_1, grunt_megastairs_3
Lair:6:   due_jungle_book, layout_regular_city, slime_dummy, uniq_urug
Orc:1:    layout_caves, serial_shops, shop, uniq_sonja
Orc:2:    kennysheep_orc_mage_school, layout_diamond_mine, basic_altar
Elf:1:    layout_rooms, evilmike_minifort
Elf:2:    layout_geoelf_octagon, ebering_ghost_gozag, serial_shops, shop,
          uniq_asterion
Depths:1: layout_cave_pools, enter_ziggurat_e, hell_entry, skrybe_limestone_x,
          roderic_serpentine_path, grunt_decor_resistance,
          minmay_misc_feat_plants, chequers_serial_rivers_micro_b,
          minmay_fountain_box, kennysheep_generic_room_11

Skill      XL: |  1  2  3  4  5  6  7  8  9 10 11 12 13 14 15 16 |
---------------+-------------------------------------------------+-----
Conjurations   | 2 3 4 5 6 |  6.1
Armour         | 1 3 4 5 7 9 10 | 10.0
Spellcasting   | 4 5 6 8 10 11 | 11.3
Air Magic      | 2 3 5 |  5.0
Shields        | 5 6 7 8 10 11 | 11.6
Dodging        | 3 5 6 8 10 11 | 11.1
Fighting       | 3 5 8 10 11 12 13 | 13.1
Short Blades   | 3 5 |  5.0
Translocations | 1 4 5 |  5.0
Fire Magic     | 2 5 |  5.0
Transmutations | 2 5 |  5.0
Summonings     | 4 5 |  5.0
Unarmed Combat | 3 |  3.0
Stealth        | |  1.7

Action                   |  1- 3 |  4- 6 |  7- 9 | 10-12 | 13-15 | 16-18 || total
-------------------------+-------+-------+-------+-------+-------+-------++-------
Melee: Spear             |    39 |    25 |       |       |       |       ||    64
       Dagger            |       |    65 |   173 |   475 |   876 |    52 ||  1641
       Kick              |       |     5 |    38 |   114 |   664 |   139 ||   960
       Mace              |       |       |       |   230 |   367 |    76 ||   673
       Scimitar          |       |       |       |       |   382 |   202 ||   584
       Unarmed           |       |       |       |       |       |    23 ||    23
Throw: Dart              |       |       |     6 |    25 |     5 |       ||    36
       Boomerang         |       |       |       |       |     3 |       ||     3
 Cast: Magic Dart        |    59 |   110 |   131 |   289 |   258 |    14 ||   861
       Mephitic Cloud    |       |     1 |    20 |    50 |    69 |    25 ||   165
       Blink             |       |     2 |     5 |    21 |    27 |    10 ||    65
       Conjure Flame     |       |     1 |     7 |    33 |    27 |     4 ||    72
       Apportation       |       |       |       |       |     8 |       ||     8
       Summon Lightning  |       |       |       |       |    33 |    14 ||    47
       Sticks to Snakes  |       |       |       |       |     3 |    28 ||    31
       Blade Hands       |       |       |       |       |       |     4 ||     4
Invok: Call Merchant     |       |       |       |     3 |     2 |       ||     5
Evoke: Wand              |       |       |     8 |    17 |    20 |     7 ||    52
       Sack of spiders   |       |       |       |     4 |       |       ||     4
  Use: Scroll            |       |    10 |    13 |    16 |    19 |    14 ||    72
       Potion            |       |     4 |       |     6 |     6 |     8 ||    24
 Stab: Confused          |       |     1 |     5 |    11 |    26 |     5 ||    48
       Sleeping          |       |     1 |       |       |     2 |       ||     3
       Distracted        |       |       |       |     2 |    11 |     4 ||    17
       Petrified         |       |       |       |       |     1 |       ||     1
  Eat: Chunk             |     1 |     9 |    15 |     2 |       |       ||    27
       Ration            |       |       |       |    12 |    18 |     8 ||    38
Armor: Leather armour    |    15 |    38 |       |       |       |       ||    53
       Robe              |     1 |       |    17 |       |       |       ||    18
       Ring mail         |       |    11 |    36 |   321 |   544 |   100 ||  1012
Dodge: Dodged            |    36 |    73 |    49 |   253 |   716 |   217 ||  1344
Block: Buckler           |       |       |    43 |   304 |  1111 |   288 ||  1746
       Reflection        |       |       |       |       |    31 |    15 ||    46
       Other             |       |       |       |       |       |     7 ||     7
       Rpst.: Scimitar   |       |       |       |       |    52 |    27 ||    79

Table legend:
 A = Non-vault XP
 B = Vault XP
 C = Vault XP percentage of total XP
 D = Non-vault monster count
 E = Vault monster count
 F = Vault count percentage of total count
                 A         B        C        D         E       F
            +---------+---------+-------+---------+---------+-------
      Total |  135484 |   58352 |  30.1 |     669 |     204 |  23.4
            +---------+---------+-------+---------+---------+-------
        D:1 |      31 |       3 |   8.8 |      19 |       2 |   9.5
        D:2 |      99 |       0 |   0.0 |      25 |       0 |   0.0
        D:3 |     164 |       4 |   2.4 |      28 |       1 |   3.4
        D:4 |     211 |       0 |   0.0 |      16 |       0 |   0.0
        D:5 |     583 |     219 |  27.3 |      15 |       2 |  11.8
        D:6 |     662 |      15 |   2.2 |      19 |       2 |   9.5
        D:7 |     798 |       0 |   0.0 |      19 |       0 |   0.0
        D:8 |     820 |     551 |  40.2 |      19 |       2 |   9.5
        D:9 |    4344 |    4324 |  49.9 |      61 |      34 |  35.8
       D:10 |    2973 |    2455 |  45.2 |      19 |       7 |  26.9
       D:11 |     990 |       0 |   0.0 |      11 |       0 |   0.0
       D:12 |    7112 |    5862 |  45.2 |      39 |       5 |  11.4
       D:13 |    4195 |    8088 |  65.8 |      23 |      16 |  41.0
       D:14 |    6144 |       0 |   0.0 |      22 |       0 |   0.0
       D:15 |   10626 |   11266 |  51.5 |      36 |      22 |  37.9
     Lair:1 |    8016 |    3620 |  31.1 |      25 |      17 |  40.5
     Lair:2 |    7154 |    2616 |  26.8 |      21 |      21 |  50.0
     Lair:3 |    4341 |    1717 |  28.3 |      19 |      10 |  34.5
     Lair:4 |    7878 |    1390 |  15.0 |      22 |      10 |  31.2
     Lair:5 |    8961 |    1135 |  11.2 |      28 |       7 |  20.0
     Lair:6 |   16285 |    3415 |  17.3 |      51 |       6 |  10.5
      Orc:1 |    2922 |      81 |   2.7 |      29 |       1 |   3.3
      Orc:2 |    2446 |    8364 |  77.4 |      23 |      34 |  59.6
      Elf:1 |   11128 |    2895 |  20.6 |      20 |       4 |  16.7
      Elf:2 |    3160 |       0 |   0.0 |       3 |       0 |   0.0
   Depths:1 |   12336 |     332 |   2.6 |      19 |       1 |   5.0
    Abyss:2 |    5707 |       0 |   0.0 |      20 |       0 |   0.0
    Abyss:3 |    5398 |       0 |   0.0 |      18 |       0 |   0.0
            +---------+---------+-------+---------+---------+-------
